 Dungeon Crawl Stone Soup version 0.30-a0-297-g0ec75d9ef4 (webtiles) character file.

Game seed: 9781600498708430925

141 NinjaNoafa the Cutter (level 5, -1/41 HPs)
             Began as a Merfolk Gladiator on Oct 19, 2022.
             Slain by an orc wizard
             ... wielding a +0 dagger
              (2 damage)
             ... on level 4 of the Dungeon.
             The game lasted 00:02:41 (2074 turns).

NinjaNoafa the Cutter (Merfolk Gladiator)           Turns: 2074, Time: 00:02:41

Health: -1/41      AC:  4    Str: 14    XL:     5   Next: 24%
Magic:  5/5        EV: 14    Int:  8    God:
Gold:   116        SH:  0    Dex: 17    Spells: 4/4 levels left

rFire   . . .      SeeInvis .    a - +0 rapier
rCold   . . .      Faith    .    (no shield)
rNeg    . . .      Spirit   .    b - +0 leather armour
rPois   .          Reflect  .    c - +0 helmet
rElec   .          Harm     .    (no cloak)
rCorr   +          Rampage  .    (no gloves)
Will    .....                    (no boots)
Stlth   +.........               (no amulet)
HPRegen 0.26/turn                f - ring of resist corrosion
MPRegen 0.09/turn                (no ring)

@: confused, hasted, studying Fighting, very quick
A: (nimble swimmer 2), mertail
a: no special abilities


You were on level 4 of the Dungeon.
You visited 1 branch of the dungeon, and saw 3 of its levels.

You collected 116 gold pieces.

Inventory:

Hand Weapons
 a - a +0 rapier (weapon)
Missiles
 d - a throwing net
 g - 13 stones (quivered)
Armour
 b - a +0 leather armour (worn)
 c - a +0 helmet (worn)
Jewellery
 f - a ring of resist corrosion (left hand)
Scrolls
 i - 3 scrolls of teleportation {unknown}
 j - a scroll of amnesia {unknown}
 k - a scroll of magic mapping {unknown}
 l - 3 scrolls of identify {unknown}
 m - a scroll of noise {unknown}
 n - a scroll of butterflies {unknown}


   Skills:
 - Level 3.0 Fighting
 + Level 5.9 Short Blades
 - Level 2.0 Throwing
 + Level 5.0 Dodging


You had 4 spell levels left.
You didn't know any spells.
Your spell library contained the following spells:

 Spells                   Type           Power      Damage    Failure   Level
 Apportation              Tloc           0%         N/A       50%         1
 Necrotise                Necr           0%         1d4       50%         1
 Summon Small Mammal      Summ           0%         N/A       50%         1
 Static Discharge         Conj/Air       0%         2-2/arc   63%         2
 Vampiric Draining        Necr           0%         2d6       86%         3
 Vhi's Electric Charge    Tloc/Air       0%         N/A       86%         3
 Agony                    Necr           0%         N/A       100%        5
 Arcjolt                  Conj/Air       0%         1d10      100%        5
 Lightning Bolt           Conj/Air       0%         1d11      100%        5


Dungeon Overview and Level Annotations

Branches:
Dungeon (2/15)

Altars:


Innate Abilities, Weirdness & Mutations

((You are very nimble when in or above water. (Stealth+, EV+, Speed+++)))
Your lower body shifts to a powerful aquatic tail in water.


Message History

You feel less confused. Something hits you.
You hit something but do no damage.
You are no longer corroded.
Something hits you.
You miss something.
You hear some strange, mumbled words.
A puff of flame appears from out of thin air!
The puff of flame hits you!
* * * LOW HITPOINT WARNING * * *
You closely miss something. You closely miss something. Something hits you.
* * * LOW HITPOINT WARNING * * *
You closely miss something. Something hits you.
* * * LOW HITPOINT WARNING * * *
You hit something but do no damage. Something barely misses you.
You hit something.
You hear some strange, mumbled words.
A magic dart appears from out of thin air!
The magic dart hits you but does no damage.
You miss something. Something hits you.
* * * LOW HITPOINT WARNING * * *
You miss something. Something hits you.
* * * LOW HITPOINT WARNING * * *
You hit something. Something hits you.
* * * LOW HITPOINT WARNING * * *
You closely miss something. Something hits you but does no damage.
You barely miss something.
You hear some strange, mumbled words.
Something tries to affect you, but you resist.
You closely miss something. You hit something but do no damage.
You hear some strange, mumbled words.
You are confused.
You hit something but do no damage. Something hits you.
* * * LOW HITPOINT WARNING * * *
It was a potion of haste.
You feel yourself speed up. Something hits you.
* * * LOW HITPOINT WARNING * * *
You miss something. Something hits you.
You die...

#.#.##..# .......####
......... #.#....# #
......# #. ######...#.####
##.#..#####
#..............
.(.....>.{###.####...#.###
##.#..###.@...# ##)##.#
#..^ ###########†##.# #..
#.........[..# #.
....[.....##.# #
...######.##.# ..##.#
#####.# #.# #.#


There were no monsters in sight!

Vanquished Creatures
  A hound (D:4)
  A jelly (D:4)
  An iguana (D:4)
  2 adders (D:2)
  2 dart slugs (D:1)
  4 endoplasms
  3 giant cockroaches
  4 goblins
  3 hobgoblins
  2 jackals (D:1)
  4 quokkas (D:1)
  4 frilled lizards
  4 kobolds
  2 rats (D:1)
37 creatures vanquished.

Vanquished Creatures (others)
  A bat (D:1)
1 creature vanquished.

Grand Total: 38 creatures vanquished

Notes
Turn   | Place    | Note
-------+----------+-------------------------------------------
     0 | D:1      | NinjaNoafa the Merfolk Gladiator began the quest for the
                  | Orb.
     0 | D:1      | Reached XP level 1. HP: 16/16 MP: 1/1
   141 | D:1      | Reached XP level 2. HP: 21/23 MP: 2/2
   666 | D:1      | Reached XP level 3. HP: 29/29 MP: 3/3
  1436 | D:2      | Reached skill level 5 in Short Blades
  1790 | D:2      | Reached XP level 4. HP: 35/35 MP: 4/4
  1962 | D:2      | You fall into a shaft and drop 2 floors!
  2045 | D:4      | Reached skill level 5 in Dodging
  2045 | D:4      | Reached XP level 5. HP: 29/41 MP: 5/5
  2073 | D:4      | HP: 1/41 [something (2)]
  2074 | D:4      | Slain by an orc wizard

Illustrated notes

Levels and vault maps discovered:
D:1:      dpeg_arrival_solitude, layout_loops_corners, nicolae_hexahallways,
          minmay_fountain_box
D:2:      layout_basic, chequers_garden
D:4:      layout_loops_ring

Skill      XL: |  1  2  3  4 |
---------------+-------------+-----
Fighting       | 3 |  3.0
Short Blades   | 4 5 |  5.9
Dodging        | 5 |  5.0
Throwing       | |  2.0

Action                   |  1- 3 |  4- 6 || total
-------------------------+-------+-------++-------
Melee: Rapier            |   107 |    43 ||   150
Throw: Javelin           |     3 |     1 ||     4
       Stone             |       |     2 ||     2
       Throwing net      |       |     2 ||     2
  Use: Potion            |     3 |     1 ||     4
 Stab: Sleeping          |     1 |       ||     1
       Held in net/web   |       |     1 ||     1
Armor: Leather armour    |    33 |     6 ||    39
Dodge: Dodged            |    78 |    20 ||    98

Table legend: (Time is in decaauts)
 A = Elapsed time spent in this place.
 B = Non-inter-level travel time spent in this place.
 C = Inter-level travel time spent in this place.
 D = Time resting spent in this place.
 E = Time spent auto-exploring this place.
 F = Levels seen in this place.
 G = Mean time per level.
                   A        B        C        D        E       F      G
               +--------+--------+--------+--------+--------+-----+--------+
         Total |   2069 |   1992 |     77 |      0 |   1646 |   3 |  689.7 |
       Dungeon |   2069 |   1992 |     77 |      0 |   1646 |   3 |  689.7 |
               +--------+--------+--------+--------+--------+-----+--------+

Top non-repeatable levels by time:
     D:1: 1241 daAuts
     D:2: 719 daAuts
     D:4: 108 daAuts
